 Dungeon Crawl Stone Soup version 0.25.0-11-g1f837a76a1 (webtiles) character file.

Game seed: 12749419095597921119

202861 Peloso the Hoplite (level 17, -5/159 HPs)
             Began as a Minotaur Fighter on June 25, 2020.
             Was the Champion of Okawaru.
             Killed from afar by Nikola (9 damage)
             ... with a chain lightning
             ... on level 1 of the Spider Nest.
             The game lasted 01:48:38 (44533 turns).

Peloso the Hoplite (Minotaur Fighter)              Turns: 44533, Time: 01:48:39

Health: -5/159     AC: 35    Str: 26      XL:     17   Next: 96%
Magic:  27/27      EV: 11    Int:  5      God:    Okawaru [******]
Gold:   2123       SH: 12    Dex: 17 (18) Spells: 16/16 levels left

rFire    + + +     SeeInvis +   b - +11 falchion of the King {vamp, rElec}
rCold    x . .     Gourm    .   c - +2 buckler "Upemal" {Slay+2}
rNeg     + + .     Faith    .   S - +9 plate armour of Absence {rN++}
rPois    +         Spirit   .   E - +2 hat
rElec    +         Reflect  .   y - +2 cloak of the Northern Lights {+Fly SInv}
rCorr    .         Harm     .   (no gloves)
MR       +....                  J - +1 pair of boots {Fly}
Stlth    ..........             (no amulet)
HPRegen  0.36/turn              N - ring of Lies {rPois rF+++ rC- MP+9 Slay+3}
MPRegen  0.20/turn              F - +6 ring of dexterity

@: flying
A: retaliatory headbutt, horns 2
}: 1/15 runes: decaying
a: Heroism, Finesse, Renounce Religion, Stop Flying


You were on level 1 of the Spider Nest.
You worshipped Okawaru.
Okawaru was exalted by your worship.
You were near starving.

You visited 6 branches of the dungeon, and saw 29 of its levels.
You visited the Abyss 2 times.
You also visited: Gauntlet.

You collected 2753 gold pieces.
You spent 630 gold pieces at shops.

Inventory:

Hand Weapons
 a - the +7 long sword "Vabucvus" {flame, rPois rN+ Int+3 SInv}
   (You found it on level 6 of the Dungeon)

   It has been specially enchanted to burn those struck by it, causing extra
   injury to most foes and up to half again as much damage against particularly
   susceptible opponents.
   Big, fiery blades are also staple armaments of hydra-hunters.
   It affects your intelligence (+3).
   It protects you from poison.
   It protects you from negative energy.
   It lets you see invisible.
 b - the +11 falchion of the King (weapon) {vamp, rElec}
   (Okawaru gifted it to you on level 4 of the Swamp)

   It inflicts no extra harm, but heals its wielder when it wounds a living foe.
   It insulates you from electricity.
 k - the +6 falchion of Ytop {flame, rElec Str+3 Stlth+}
   (You found it on level 2 of the Abyss)

   It has been specially enchanted to burn those struck by it, causing extra
   injury to most foes and up to half again as much damage against particularly
   susceptible opponents.
   Big, fiery blades are also staple armaments of hydra-hunters.
   It affects your strength (+3).
   It insulates you from electricity.
   It makes you more stealthy.
Armour
 c - the +2 buckler "Upemal" (worn) {Slay+2}
   (You bought it in a shop on level 2 of the Orcish Mines)

   It affects your accuracy and damage with ranged weapons and melee attacks
   (+2).
 y - the +2 cloak of the Northern Lights (worn) {+Fly SInv}
   (You found it in a Gauntlet)

   It lets you see invisible.
   It lets you fly.
 E - a +2 hat (worn)
 J - a +1 pair of boots of flying (worn)
 S - the +9 plate armour of Absence (worn) {rN++}
   (You found it on level 1 of the Lair of Beasts)

   It greatly protects you from negative energy.
Jewellery
 j - an uncursed ring of protection from magic
 v - an uncursed ring of resist corrosion
 F - a +6 ring of dexterity (right hand)
 N - the ring of Lies (left hand) {rPois rF+++ rC- MP+9 Slay+3}
   (You found it on level 1 of the Swamp)

   [ring of magical power]

   It affects your accuracy and damage with ranged weapons and melee attacks
   (+3).
   It renders you almost immune to fire.
   It makes you vulnerable to cold.
   It protects you from poison.
   It affects your magic capacity (+9).
Wands
 g - a wand of digging (2)
Scrolls
 h - 8 scrolls of magic mapping
 i - a scroll of identify
 m - 6 scrolls of teleportation
 q - 4 scrolls of noise
 s - 8 scrolls of fear
 D - 7 scrolls of remove curse
 K - 3 scrolls of silence
Potions
 d - 8 potions of might
 e - 3 potions of invisibility
 l - 3 potions of mutation
 r - a potion of haste
 z - 10 potions of curing
 A - 6 potions of stabbing
 H - 3 potions of resistance {unknown}
 V - a potion of heal wounds
Miscellaneous
 n - a tin of tremorstones (3/3)
 p - a phantom mirror
Comestibles
 f - 49 rations


   Skills:
 + Level 16.3 Fighting
 + Level 17.8 Long Blades
 + Level 16.5 Armour
 + Level 5.2 Dodging
 + Level 2.7 Stealth
 + Level 22.3 Shields
 + Level 3.0 Invocations
 + Level 0.8 Evocations


You had 16 spell levels left.
You didn't know any spells.
Your spell library contained the following spells:

 Spells                   Type           Power        Failure   Level  Hunger
 Animate Skeleton         Necr           N/A          97%         1    ##.....
 Freeze                   Ice            #...         97%         1    ##.....
 Magic Dart               Conj           #...         97%         1    ##.....
 Pain                     Necr           #...         97%         1    ##.....
 Blink                    Tloc           N/A          99%         2    ###....
 Call Imp                 Summ           #.......     99%         2    ###....
 Passwall                 Tmut/Erth      #.......     99%         2    ###....
 Slow                     Hex            #.......     99%         2    ###....
 Swiftness                Chrm/Air       #.......     99%         2    ###....
 Conjure Flame            Conj/Fire      #.......     100%        3    ####...
 Frozen Ramparts          Ice            #.....       100%        3    ####...
 Gell's Gravitas          Tloc           #.........   100%        3    ####...
 Mephitic Cloud           Conj/Pois/Air  #.......     100%        3    ####...
 Ozocubu's Armour         Chrm/Ice       #.......     100%        3    ####...
 Portal Projectile        Hex/Tloc       #.....       100%        3    ####...
 Recall                   Summ/Tloc      N/A          100%        3    ####...
 Vampiric Draining        Necr           #.........   100%        3    ####...
 Animate Dead             Necr           N/A          100%        4    #####..
 Hailstorm                Conj/Ice       #.......     100%        4    #####..
 Passage of Golubria      Tloc           N/A          100%        4    #####..
 Summon Ice Beast         Ice/Summ       #.......     100%        4    #####..
 Agony                    Necr           #.......     100%        5    ######.
 Borgnjor's Vile Clutch   Necr/Erth      #.........   100%        5    ######.
 Lee's Rapid Deconstruct  Erth           #.........   100%        5    ######.
 Darkness                 Hex            #.........   100%        6    #######
 Death Channel            Necr           #.........   100%        6    #######
 Dispersal                Tloc           #.........   100%        6    #######
 Invisibility             Hex            #.......     100%        6    #######
 Simulacrum               Ice/Necr       #.........   100%        6    #######
 Haunt                    Necr/Summ      #.........   100%        7    #######
 Borgnjor's Revivificati  Necr           #.........   100%        8    #######
 Controlled Blink         Tloc           N/A          100%        8    #######
 Death's Door             Chrm/Necr      #.........   100%        8    #######
 Disjunction              Tloc           #.........   100%        8    #######
 Infestation              Necr           #.........   100%        8    #######
 Necromutation            Tmut/Necr      #.........   100%        8    #######


Dungeon Overview and Level Annotations

Branches:
Dungeon (15/15)            Temple (1/1) D:6            Lair (6/6) D:11
  Swamp (4/4) Lair:4       Spider (1/4) Lair:4        Slime (0/5) Lair:6
    Orc (2/2) D:9             Elf (0/3) Orc:2        Vaults (0/5) D:13
 Depths (0/5) D:15        Gauntlet (visited)

Altars:
Ashenzari
Cheibriados
Dithmenos
Elyvilon
Fedhas
Gozag
Hepliaklqana
Kikubaaqudgha
Makhleb
Nemelex Xobeh
Okawaru
Qazlal
Ru
Sif Muna
Trog
Uskayaw
Vehumet
Wu Jian
Xom
Yredelemnul
Zin
The Shining One
Beogh

Shops:
D:6 [   Orc:2 !?[(

Portals:
Abyss: Swamp:4

Annotations:
Lair:4 3 runed translucent doors, Juirae's ghost, journeyman TrMo
Spider:1 Nikola


Innate Abilities, Weirdness & Mutations

You reflexively headbutt those who attack you in melee.
You have a pair of horns on your head.


Message History

You slash Nikola! You headbutt Nikola!
Nikola is moderately wounded.
Unknown command.
You slash Nikola!
You feel better.
Your headbutt misses Nikola.
Nikola is heavily wounded.
Nikola casts a spell at you. The bolt of lightning misses you.
Unknown command.
You slash Nikola! Your headbutt misses Nikola.
Nikola is heavily wounded.
Unknown command.
You slash Nikola!
You feel better.
You headbutt Nikola!
Nikola is severely wounded.
Nikola raves, "Can you feel it? Can you feel it?
CAN YOU FEEL IT?"
Nikola gestures wildly while chanting.
You hear a mighty clap of thunder!
The lightning arc hits you! You resist.
* * * LOW HITPOINT WARNING * * *
The lightning arc hits Nikola.
The lightning arc hits you! You resist.
You die...

##...............
##≈##..........#^.^
#≈.......#.....^^^^^..
#.(...........^$^>^....
#..............^^^^^....
##....†.......^#^.^#....
##......†................
##.......#................
#...........@@..#.....)...
#.$................^.......
#...................†..s...
.................<.†.......
..#..............[†........
....≈≈≈....................
≈≈###≈.....................
## ##...#.................
#.#..#............


You could see Nikola.

Vanquished Creatures
  Saint Roka (Orc:1)
  A Brimstone Fiend (Swamp:1)
  Jorgrun (Swamp:1)
  3 tentacled starspawn
  A thorn hunter (Swamp:3)
  The ghost of Trobe the Tortoise, a journeyman MiFi (Swamp:4)
  A deep elf sorcerer (Abyss:3)
  A cacodemon (Abyss:3)
  A very ugly thing (Swamp:4)
  2 stone giants (Orc:2)
  An entropy weaver (Gauntlet)
  A dire elephant (Abyss:3)
  A purple draconian (Abyss:2)
  A minotaur (Gauntlet)
  3 fire dragons
  Harold (Lair:2)
  21 hydras
  Fannar (Lair:2)
  3 ghost crabs
  A vault guard (D:13)
  3 catoblepae (Lair:6)
  A shambling mangrove (Swamp:4)
  Erica (Lair:2)
  2 centaur warriors
  3 two-headed ogres
  11 alligators
  A tengu warrior (D:14)
  13 death yaks
  An orc high priest (Orc:1)
  2 thrashing horrors
  3 wretched stars (Abyss:2)
  A sixfirhy (Abyss:3)
  2 fire crabs (Swamp:4)
  A spatial maelstrom (Abyss:2)
  8 swamp dragons
  2 unseen horrors
  2 glowing orange brains (Swamp:4)
  3 spriggan druids
  A lindwurm (Swamp:4)
  A wolf spider zombie (D:14)
  4 orc knights
  4 deep elf magi
  A wizard (Swamp:4)
  3 necromancers
  An orb spider (Spider:1)
  An orc sorcerer (Orc:2)
  7 wolf spiders
  21 ugly things
  3 manticores
  4 worldbinders
  5 oklob plants (Lair:3)
  4 black mambas
  5 cyclopes
  5 elephants
  An ice statue (Lair:4)
  Joseph (D:8)
  Maurice (Orc:2)
  An orange demon (Abyss:2)
  2 naga magi (D:15)
  An eye of devastation (Abyss:2)
  A minotaur zombie (Gauntlet)
  A gargoyle (D:15)
  6 smoke demons (Abyss:2)
  18 spiny frogs
  2 hellions
  4 kobold demonologists
  A yaktaur (shapeshifter) (Abyss:2)
  A freezing wraith (Lair:4)
  4 komodo dragons
  2 rime drakes
  2 demonic crawlers (Spider:1)
  An ice devil (Gauntlet)
  An efreet (Abyss:3)
  3 tengu conjurers
  An ancient zyme (Abyss:2)
  2 polar bears
  7 trolls
  22 hornets
  Grinder (D:4)
  9 tyrant leeches
  3 jumping spiders (Spider:1)
  2 harpy skeletons (D:15)
  12 hippogriffs
  5 raiju (Abyss:3)
  2 meliai zombies
  7 bog bodies
  13 slime creatures
  25 blink frogs
  9 small abominations
  8 redbacks
  4 wyverns
  A black mamba zombie (Abyss:2)
  20 spriggans
  2 vampires
  A water elemental (Abyss:3)
  8 shadows
  4 tarantellas (Spider:1)
  4 ynoxinuls (Abyss:2)
  6 basilisks
  44 yaks
  22 humans (D:13)
  A neqoxec (Abyss:3)
  3 steam dragons (Swamp:4)
  4 hungry ghosts
  5 chaos spawn
  12 large abominations
  25 vampire mosquitoes
  10 insubstantial wisps
  A soldier ant (D:14)
  15 water moccasins
  4 wargs
  31 swamp worms
  2 acid dragons
  11 porcupines
  13 ice beasts
  47 orc warriors
  10 swamp drakes
  4 black bears
  2 eyes of draining
  16 ogres
  A phantom (D:12)
  3 sky beasts
  12 wolves
  10 centaurs
  20 crocodiles
  A big kobold (D:12)
  17 bullfrogs
  4 earth elementals (D:11)
  A wyvern skeleton (D:10)
  A water moccasin skeleton (D:4)
  23 killer bees
  9 scorpions
  11 wights
  A howler monkey (D:11)
  2 bullfrog zombies
  A lava snake (Swamp:4)
  30 starcursed masses
  11 crimson imps
  A quasit (Abyss:2)
  8 centaur zombies
  2 centaur skeletons
  16 jellies
  27 orc wizards
  A bullfrog skeleton (D:7)
  24 orc priests
  8 hounds
  An iron imp (Abyss:2)
  13 worker ants
  Natasha (thrice) (D:4)
  2 iguanas
  2 hound skeletons
  A mummy (D:5)
  A worker ant zombie (D:6)
  Robin (D:1)
  3 gnolls
  2 river rats (D:11)
  10 adders
  3 shadow imps
  10 white imps
  2 oozes (Lair:6)
  2 adder skeletons
  3 worms
  4 dart slugs
  9 leopard geckos
  97 orcs
  2 ball pythons (D:4)
  8 bats
  4 giant cockroaches
  18 goblins
  15 hobgoblins
  20 jackals
  5 quokkas
  6 frilled lizards
  A hobgoblin zombie (D:5)
  14 kobolds
  3 kobold zombies (D:5)
  A leopard gecko skeleton (D:8)
  6 rats
  11 briar patches (Swamp:1)
  2 fungi
  5 plants (Lair:1)
  2 tentacles (Abyss:3)
1228 creatures vanquished.

Vanquished Creatures (others)
  3 swamp dragons (Swamp:4)
  A tyrant leech (Swamp:2)
  2 steam dragons (Swamp:4)
  6 swamp drakes
  3 wights (Abyss:3)
  12 briar patches (Swamp:1)
  8 fungi
  10 plants
  2 starspawn tentacles (Swamp:4)
  2 tentacles (Abyss:3)
49 creatures vanquished.

Grand Total: 1277 creatures vanquished

Notes
Turn   | Place    | Note
-------+----------+-------------------------------------------
     0 | D:1      | Peloso the Minotaur Fighter began the quest for the Orb.
     0 | D:1      | Reached XP level 1. HP: 19/19 MP: 0/0
    91 | D:1      | Reached XP level 2. HP: 26/27 MP: 1/1
   530 | D:1      | Reached XP level 3. HP: 29/33 MP: 2/2
   574 | D:1      | Reached skill level 4 in Shields
   716 | D:2      | Noticed Robin
   733 | D:1      | Killed Robin
   982 | D:2      | Reached XP level 4. HP: 33/41 MP: 3/3
   999 | D:2      | Reached skill level 1 in Dodging
  1341 | D:2      | Found a sparkling altar of Nemelex Xobeh.
  1432 | D:2      | Found an opulent altar of Gozag.
  1904 | D:3      | Reached XP level 5. HP: 47/47 MP: 4/4
  2375 | D:3      | Reached skill level 5 in Shields
  2838 | D:3      | Reached XP level 6. HP: 55/55 MP: 5/5
  2840 | D:3      | Found a basalt altar of Yredelemnul.
  3151 | D:4      | Reached skill level 5 in Fighting
  3398 | D:4      | Reached skill level 5 in Armour
  3588 | D:4      | Reached skill level 5 in Long Blades
  3590 | D:4      | Noticed Natasha
  3605 | D:4      | Killed Natasha
  3791 | D:4      | Noticed Grinder
  3801 | D:4      | Killed Grinder
  3801 | D:4      | Reached skill level 6 in Shields
  3801 | D:4      | Reached XP level 7. HP: 60/61 MP: 6/6
  3945 | D:4      | Found a roughly hewn altar of Beogh.
  4054 | D:4      | Found a radiant altar of Vehumet.
  4206 | D:4      | Noticed Natasha
  4219 | D:4      | Killed Natasha
  4514 | D:5      | Entered Level 5 of the Dungeon
  4738 | D:5      | Found a shattered altar of Ashenzari.
  5242 | D:5      | Reached XP level 8. HP: 38/70 MP: 7/7
  5252 | D:5      | Reached skill level 7 in Shields
  5594 | D:4      | Noticed Natasha
  5603 | D:4      | Killed Natasha
  5675 | D:3      | Found an opulent altar of Gozag.
  5675 | D:3      | Found an ornate altar of the Wu Jian Council.
  6060 | D:6      | Got a pitted long sword
  6061 | D:6      | Identified the +7 long sword "Vabucvus" {flame, rPois rN+
                  | Int+3 SInv} (You found it on level 6 of the Dungeon)
  6148 | D:6      | Found a basalt altar of Yredelemnul.
  6308 | D:6      | Reached skill level 8 in Shields
  6544 | D:6      | Found Limoe's Antique Armour Emporium.
  6686 | D:6      | Found a staircase to the Ecumenical Temple.
  6694 | Temple   | Entered the Ecumenical Temple
  6856 | Temple   | Became a worshipper of Warmaster Okawaru
  7153 | D:7      | Reached XP level 9. HP: 62/78 MP: 8/8
  7277 | D:7      | Reached * piety under Okawaru
  7278 | D:7      | Reached skill level 9 in Shields
  7596 | D:7      | Found a stormy altar of Qazlal.
  8082 | D:8      | Reached skill level 10 in Shields
  8090 | D:8      | Reached ** piety under Okawaru
  8526 | D:8      | Reached skill level 10 in Long Blades
  8684 | D:8      | Reached XP level 10. HP: 66/86 MP: 9/9
  8845 | D:8      | Noticed Joseph
  8856 | D:8      | Killed Joseph
  8997 | D:9      | Reached *** piety under Okawaru
  9078 | D:9      | Reached skill level 11 in Shields
  9328 | D:9      | You fall into a shaft and drop 1 floor!
  9328 | D:10     | Entered Level 10 of the Dungeon
  9976 | D:10     | Reached **** piety under Okawaru
 10687 | D:9      | Reached skill level 1 in Stealth
 10692 | D:9      | Reached skill level 12 in Shields
 11058 | D:9      | Reached ***** piety under Okawaru
 11060 | D:9      | Found a staircase to the Orcish Mines.
 11442 | D:11     | Reached XP level 11. HP: 64/94 MP: 10/10
 11707 | D:11     | Received a gift from Okawaru
 12103 | D:11     | Found a staircase to the Lair.
 12105 | D:11     | Noticed a death yak
 12105 | D:11     | Noticed a death yak
 12122 | D:11     | Noticed a death yak
 12125 | D:11     | Killed a death yak
 12133 | D:11     | Killed a death yak
 12133 | D:11     | Reached skill level 13 in Shields
 12147 | D:11     | Killed a death yak
 12450 | D:11     | Reached skill level 10 in Armour
 13154 | D:12     | Noticed a deep elf mage
 13212 | D:12     | Killed a deep elf mage
 13488 | D:12     | Noticed an unseen horror
 13508 | D:12     | Killed an unseen horror
 13575 | D:12     | Reached XP level 12. HP: 94/105 MP: 11/11
 14035 | D:12     | Noticed a two-headed ogre
 14044 | D:12     | Killed a two-headed ogre
 14081 | D:12     | Reached skill level 14 in Shields
 14425 | Lair:1   | Entered Level 1 of the Lair of Beasts
 14783 | Lair:1   | Found a glowing silver altar of Zin.
 14832 | Lair:1   | Reached ****** piety under Okawaru
 15210 | Lair:1   | Reached skill level 10 in Fighting
 15247 | Lair:1   | Got a heavily runed plate armour
 15258 | Lair:1   | Identified the +9 plate armour of Absence {rN++} (You found
                  | it on level 1 of the Lair of Beasts)
 15738 | Lair:2   | Received a gift from Okawaru
 15791 | Lair:2   | Noticed Harold
 15813 | Lair:2   | Killed Harold
 15813 | Lair:2   | Reached skill level 15 in Shields
 16110 | Lair:2   | Noticed Erica
 16122 | Lair:2   | Killed Erica
 16187 | Lair:2   | Noticed Fannar
 16211 | Lair:2   | Killed Fannar
 16949 | Lair:3   | Found a gate leading to a gauntlet.
 16975 | Gauntlet | Entered a Gauntlet
 16975 | Gauntlet | Found a transporter.
 16975 | Gauntlet | Found a runed translucent door.
 16975 | Gauntlet | Found a transporter.
 16976 | Gauntlet | Found a runed translucent door.
 16977 | Gauntlet | Found a transporter.
 16977 | Gauntlet | Found a transporter.
 16980 | Gauntlet | Found a transporter.
 17023 | Gauntlet | Found a transporter.
 17023 | Gauntlet | Found a transporter.
 17026 | Gauntlet | Found a transporter.
 17038 | Gauntlet | Found a transporter.
 17038 | Gauntlet | Noticed an entropy weaver
 17054 | Gauntlet | Found the ring of Shadows {Umbra +Inv Stlth+}
 17054 | Gauntlet | Found a transporter.
 17055 | Gauntlet | Noticed a green death
 17079 | Gauntlet | Found a transporter.
 17081 | Gauntlet | Noticed a balrug
 17084 | Gauntlet | Found a transporter.
 17129 | Gauntlet | Found a transporter.
 17131 | Gauntlet | Found a runed translucent gate.
 17131 | Gauntlet | Found a runed translucent gate.
 17131 | Gauntlet | Found a runed translucent gate.
 17248 | Gauntlet | Found a transporter.
 17361 | Gauntlet | Got an ichor-stained helmet
 17439 | Gauntlet | Reached XP level 13. HP: 51/114 MP: 12/12
 17450 | Gauntlet | Got a polished cloak
 17460 | Gauntlet | Identified the +2 cloak of the Northern Lights {+Fly SInv}
                  | (You found it in a Gauntlet)
 17694 | Gauntlet | Killed an entropy weaver
 17742 | Gauntlet | Identified the +5 ring mail of Minor Irritation {Harm
                  | Regen+ Int-3 SInv}
 17742 | Gauntlet | Noticed a minotaur
 17765 | Gauntlet | Killed a minotaur
 17914 | Lair:3   | Reached skill level 1 in Invocations
 17969 | Lair:3   | Reached skill level 16 in Shields
 17997 | Lair:3   | Received a gift from Okawaru
 19472 | Lair:4   | Reached skill level 17 in Shields
 19613 | Lair:4   | Found a hole to the Spider Nest.
 19755 | Lair:4   | Found a staircase to the Swamp.
 19945 | Lair:4   | Found a runed translucent gate.
 19945 | Lair:4   | Found a runed translucent gate.
 19945 | Lair:4   | Found a runed translucent gate.
 19975 | Lair:4   | Noticed a minotaur
 19975 | Lair:4   | Noticed Juirae's ghost (journeyman TrMo)
 20355 | Lair:4   | Received a gift from Okawaru
 20584 | Orc:1    | Entered Level 1 of the Orcish Mines
 20636 | Orc:1    | Reached XP level 14. HP: 62/124 MP: 14/14
 21426 | Orc:2    | Entered Level 2 of the Orcish Mines
 21840 | Orc:2    | Found a staircase to the Elven Halls.
 21857 | Orc:2    | Noticed a stone giant
 21871 | Orc:2    | Killed a stone giant
 21912 | Orc:2    | Noticed a stone giant
 21925 | Orc:2    | Killed a stone giant
 22100 | Orc:2    | Found a roughly hewn altar of Beogh.
 22376 | Orc:2    | Reached skill level 18 in Shields
 22410 | Orc:2    | Noticed Saint Roka
 22808 | Orc:1    | Killed Saint Roka
 23027 | Orc:2    | Found a roughly hewn altar of Beogh.
 23027 | Orc:2    | Found Sacun's Magic Scroll Boutique.
 23109 | Orc:2    | Bought a scroll of enchant armour for 112 gold pieces
 23109 | Orc:2    | Bought a scroll of identify for 30 gold pieces
 23109 | Orc:2    | Bought a scroll of noise for 15 gold pieces
 23109 | Orc:2    | Bought a scroll of blinking for 112 gold pieces
 23182 | Orc:2    | Noticed Maurice
 23186 | Orc:2    | Paralysed by Maurice for 7 turns
 23201 | Orc:2    | Killed Maurice
 23245 | Orc:2    | Found a roughly hewn altar of Beogh.
 23338 | Orc:2    | Found a roughly hewn altar of Beogh.
 23480 | Orc:2    | Found Dionler's Antique Weapon Boutique.
 23481 | Orc:2    | Found a roughly hewn altar of Beogh.
 23482 | Orc:2    | Found Enorusup's Antique Armour Shop.
 23515 | Orc:2    | Bought a brightly glowing buckler for 361 gold pieces
 23521 | Orc:2    | Identified the +2 buckler "Upemal" {Slay+2} (You bought it
                  | in a shop on level 2 of the Orcish Mines)
 23594 | Orc:2    | Found a roughly hewn altar of Beogh.
 23595 | Orc:2    | Found Urokhyco's Distillery.
 24033 | D:13     | Found the +8 trident of the Octopus King {venom, rElec
                  | rPois MR+}
 24105 | D:13     | Received a gift from Okawaru
 24128 | D:13     | Reached skill level 15 in Long Blades
 24751 | D:13     | Reached skill level 19 in Shields
 24893 | D:13     | Received a gift from Okawaru
 24901 | D:13     | Got a scorched falchion {god gift}
 24902 | D:13     | Identified the +7 falchion "Suwaex" {pain, rC+ Int+6}
                  | (Okawaru gifted it to you on level 13 of the Dungeon)
 24919 | D:13     | Found a gate to the Vaults.
 25767 | D:14     | Reached XP level 15. HP: 134/134 MP: 15/15
 26042 | D:14     | Received a gift from Okawaru
 26899 | D:15     | Entered Level 15 of the Dungeon
 27903 | D:15     | Found a shadowy altar of Dithmenos.
 28814 | D:15     | Found a glowing golden altar of the Shining One.
 29158 | D:15     | Found a staircase to the Depths.
 29441 | Lair:1   | Identified a scroll of acquirement
 29746 | Lair:5   | Reached skill level 20 in Shields
 30385 | Lair:5   | Found a burning altar of Makhleb.
 30642 | Lair:5   | Got a transparent quarterstaff
 30649 | Lair:6   | Entered Level 6 of the Lair of Beasts
 30678 | Lair:6   | Received a gift from Okawaru
 30901 | Lair:6   | Found a staircase to the Slime Pits.
 31611 | Lair:6   | Reached XP level 16. HP: 134/145 MP: 16/16
 31680 | Lair:6   | Received a gift from Okawaru
 32439 | Swamp:1  | Entered Level 1 of the Swamp
 32990 | Swamp:1  | Found a transporter.
 33160 | Swamp:1  | Found a transporter.
 33531 | Swamp:1  | Noticed Jorgrun
 33543 | Swamp:1  | Killed Jorgrun
 33543 | Swamp:1  | Received a gift from Okawaru
 33633 | Swamp:1  | Reached skill level 15 in Armour
 34370 | Swamp:1  | Noticed a Brimstone Fiend
 34694 | Swamp:1  | Killed a Brimstone Fiend
 35242 | Swamp:1  | Got a warped brass ring
 35244 | Swamp:1  | Identified the ring of Lies {rPois rF+++ rC- MP+9 Slay+3}
                  | (You found it on level 1 of the Swamp)
 35940 | Swamp:2  | Received a gift from Okawaru
 36492 | Swamp:2  | Reached skill level 21 in Shields
 37052 | Swamp:4  | Entered Level 4 of the Swamp
 37082 | Swamp:4  | Reached skill level 15 in Fighting
 37404 | Swamp:3  | Noticed a thorn hunter
 37418 | Swamp:3  | Killed a thorn hunter
 38202 | Swamp:3  | Reached XP level 17. HP: 156/156 MP: 17/17
 38554 | Swamp:4  | Received a gift from Okawaru
 39191 | Swamp:4  | Got a faintly glowing falchion {god gift}
 39192 | Swamp:4  | Identified the +11 falchion of the King {vamp, rElec}
                  | (Okawaru gifted it to you on level 4 of the Swamp)
 39818 | Swamp:4  | Identified the +2 trident "Tukielenn" {distort, rC- Str+3
                  | Dex+3}
 39841 | Swamp:4  | Found a transporter.
 39866 | Swamp:4  | Received a gift from Okawaru
 39893 | Swamp:4  | Got an ivory double sword {god gift}
 39894 | Swamp:4  | Identified the +3 double sword "Heoggegyl" {vorpal, rPois
                  | rF+} (Okawaru gifted it to you on level 4 of the Swamp)
 39914 | Swamp:4  | Found a one-way gate to the infinite horrors of the Abyss.
 39971 | Swamp:4  | Got a decaying rune of Zot
 40329 | Lair:1   | Identified the +3 quarterstaff of Symmetry {freeze, +Inv
                  | Dex+4} (You found it on level 5 of the Lair of Beasts)
 40656 | Swamp:4  | Noticed Trobe's ghost (journeyman MiFi)
 40680 | Swamp:4  | Cast into level 2 of the Abyss (spriggan rider)
 41050 | Abyss:2  | Found a sacrificial altar of Ru.
 41065 | Abyss:2  | Reached skill level 22 in Shields
 41137 | Abyss:2  | Got an ancient falchion
 41152 | Abyss:2  | Reached skill level 5 in Dodging
 41182 | Abyss:2  | Paralysed by accursed screaming for 2 turns
 41481 | Swamp:4  | Escaped the Abyss
 41481 | Swamp:4  | Paralysed by accursed screaming for 1 turns
 41872 | Swamp:4  | Identified the +6 falchion of Ytop {flame, rElec Str+3
                  | Stlth+} (You found it on level 2 of the Abyss)
 41944 | Swamp:4  | Paralysed by accursed screaming for 2 turns
 41955 | Swamp:4  | Lost intelligence.
 43021 | Swamp:4  | Found a transporter.
 43069 | Swamp:4  | Got a smoking marble ring
 43109 | Swamp:4  | Killed Trobe's ghost
 43114 | Swamp:4  | Cast into level 3 of the Abyss (spriggan rider)
 43277 | Abyss:3  | Found a corrupted altar of Lugonu.
 43608 | Abyss:3  | Received a gift from Okawaru
 43657 | Abyss:3  | Found a corrupted altar of Lugonu.
 43719 | Abyss:3  | Noticed a kraken
 43733 | Swamp:4  | Escaped the Abyss
 44102 | Swamp:4  | Identified the ring "Uczirphu" {rPois MP+9} (You found it
                  | on level 4 of the Swamp)
 44376 | Spider:1 | Entered Level 1 of the Spider Nest
 44520 | Spider:1 | Noticed Nikola
 44533 | Spider:1 | HP: 4/159 [Nikola/chain lightning (11)]
 44533 | Spider:1 | Killed from afar by Nikola

Illustrated notes

Levels and vault maps discovered:
D:1:      evilmike_arrival_crescent, layout_basic
D:2:      layout_rooms, lemuel_doored_altar, first_ration, grunt_gozag_statues,
          uniq_robin
D:3:      layout_loops_ring, marbit_many_paths, nicolae_overflow_hidden_temple,
          minmay_misc_feat_doors
D:4:      minmay_diamond_boxcup, layout_loops_ring, vehumet_crystals,
          hangedman_decor_points, kennysheep_orc_chapel, uniq_grinder,
          uniq_natasha
D:5:      layout_basic, lemuel_crystal_altar, minmay_mini_ossuary
D:6:      layout_loops_corners, temple_doors_cd, serial_shops, shop_statue,
          basic_altar
D:7:      layout_gridville, grunt_qazlal_clouds, the_bakery, item_on_display_a
D:8:      layout_basic, serial_park_tiny_2, uniq_joseph
D:9:      layout_layer_cave, erik_orc_3
D:10:     layout_stronghold, item_on_display_a
D:11:     minmay_stone_box, layout_cave_pools, dpeg_lair_monsters,
          minmay_mirror_moons_of_madness
D:12:     layout_irregular_city
D:13:     layout_basic, grunt_vaults_entry_tiered
D:14:     layout_basic, minmay_misc_feat_rows
D:15:     grunt_enter_depths_magical_seal, layout_layer_cave,
          grunt_dithmenos_smoke_and_mirrors, tso_altar
Temple:   regret_index_temple_generic_petals
Lair:1:   layout_misc_corridors, basic_altar, lemuel_fruit_tree,
          serial_bayou_shore_b
Lair:2:   layout_regular_city, fungi_pond_lemuel, grunt_forest_stairs_basic,
          grunt_forest_stairs_clearing, serial_bayou_shore_b, uniq_fannar,
          uniq_harold, uniq_erica
Lair:3:   layout_misc_corridors, gauntlet_entry_generic,
          minmay_lair_oklob_chamber
Lair:4:   layout_concentric_octagons, swamp_mist, spider_nest_entry_webs,
          maelrawn_ghost_gauntlet_escape, ice2_lemuel, infiniplex_staircase_pool
Lair:5:   layout_regular_city, basic_altar, minmay_hedge_maze,
          beast_lair_carwin_2, grunt_megastairs_1
Lair:6:   evilmike_catoblepas_cave, layout_loops_ring,
          minmay_slime_entry_jelly_boxes
Swamp:1:  gammafunk_worm_tunnel, layout_falls_marsh,
          nicolae_swamp_dense_foliage, swamp_pool1, infiniplex_staircase_pool_2,
          uniq_jorgrun
Swamp:2:  layout_basic_swamp, nicolae_swamp_orc_logging_accident, swamp_pool2
Swamp:3:  layout_falls_marsh, evilmike_swamp_ruin_rubble_1
Swamp:4:  swamp_fiery, layout_basic_swamp, gammafunk_ghost_abyssal_escape
Spider:1: layout_spider_delve, nicolae_spider_webbed_stairs, uniq_nikola
Orc:1:    layout_caves
Orc:2:    grunt_orc_community_town_hall, layout_caves,
          grunt_orc_community_big_house_1, grunt_orc_community_big_house_1,
          grunt_orc_community_house_2, grunt_orc_community_house_1,
          grunt_orc_community_house_3, grunt_orc_community_house_2,
          grunt_orc_community_house_3, grunt_orc_community_house_1,
          uniq_maurice, uniq_saint_roka

Skill      XL: |  1  2  3  4  5  6  7  8  9 10 11 12 13 14 15 16 17 |
---------------+----------------------------------------------------+-----
Fighting       | 4 5 6 7 8 9 10 11 12 13 15 16 | 16.3
Long Blades    | 3 4 5 6 8 10 11 12 13 14 15 16 17 | 17.8
Shields        | 4 5 6 8 10 12 13 15 17 19 20 21 22 | 22.3
Armour         | 4 5 6 7 8 9 10 11 12 13 14 15 16 | 16.5
Dodging        | 1 2 3 4 5 |  5.2
Stealth        | 1 2 |  2.7
Invocations    | 1 3 |  3.0
Evocations     | |  0.8

Action                   |  1- 3 |  4- 6 |  7- 9 | 10-12 | 13-15 | 16-18 || total
-------------------------+-------+-------+-------+-------+-------+-------++-------
Melee: Long sword        |    83 |   277 |   411 |   740 |  1543 |   898 ||  3952
       Headbutt          |    17 |    45 |    64 |   194 |   523 |   383 ||  1226
       Falchion          |       |       |       |       |       |   218 ||   218
Invok: Heroism           |       |       |     1 |     3 |     8 |     8 ||    20
       Finesse           |       |       |       |       |       |     2 ||     2
Evoke: Wand              |       |       |       |     5 |    10 |       ||    15
  Use: Potion            |     1 |     4 |       |       |     2 |     4 ||    11
       Scroll            |       |     4 |     6 |     6 |    11 |    13 ||    40
 Stab: Distracted        |       |     1 |       |       |       |       ||     1
       Confused          |       |       |       |       |       |     1 ||     1
  Eat: Chunk             |       |    10 |    12 |    20 |    36 |    27 ||   105
       Ration            |       |       |     1 |     3 |     3 |     4 ||    11
Armor: Scale mail        |    49 |    29 |       |       |       |       ||    78
       Plate armour      |       |   129 |   196 |   241 |   783 |   759 ||  2108
Dodge: Dodged            |    41 |    57 |    48 |   101 |   419 |   429 ||  1095
Block: Kite shield       |    64 |    29 |       |       |       |       ||    93
       Tower shield      |       |   238 |   378 |   714 |   720 |       ||  2050
       Buckler           |       |       |       |       |   515 |   620 ||  1135
       Rpst.: Long sword |     7 |    17 |    14 |    29 |    95 |    73 ||   235
       Falchion          |       |       |       |       |       |    10 ||    10
